 Dungeon Crawl Stone Soup version 0.22-a0-197-g4ac3794 (webtiles) character file.

30 vishdafish the Grasshopper (level 3, 12/27 HPs)
             Began as a Demonspawn Warper on Feb 18, 2018.
             Quit the game on level 2 of the Dungeon.
             The game lasted 00:01:39 (1590 turns).

vishdafish the Grasshopper (Demonspawn Warper)      Turns: 1590, Time: 00:01:40

Health: 12/27      AC:  3    Str: 12    XL:     3   Next: 3%
Magic:  6/6        EV: 12    Int: 14    God:
Gold:   44         SH:  0    Dex: 12    Spells: 6/6 levels left

rFire    . . .     SeeInvis .   a - +0 falchion
rCold    . . .     Gourm    .   (no shield)
rNeg     . . .     Faith    .   b - +0 leather armour
rPois    .         Spirit   .   (no helmet)
rElec    .         Reflect  .   (no cloak)
rCorr    .         Harm     .   (no gloves)
MR       +....                  (no boots)
Stlth    +.........             (no amulet)
HPRegen  0.09/turn              g - ring of protection from magic
MPRegen  0.10/turn              (no ring)

@: berserk cooldown, slowed, very slow
A: hooves 1, rot immunity
a: no special abilities


You were on level 2 of the Dungeon.
You were not hungry.

You visited 1 branch of the dungeon, and saw 2 of its levels.

You collected 44 gold pieces.

Inventory:

Hand Weapons
 a - a +0 falchion (weapon)
Missiles
 e - a tomahawk of dispersal (quivered)
Armour
 b - a +0 leather armour (worn)
Jewellery
 g - a ring of protection from magic (left hand)
Scrolls
 d - a scroll of blinking
 h - 3 scrolls of identify {unknown}
 j - a scroll of magic mapping {unknown}
 k - a scroll of fog {unknown}
 m - a scroll of enchant armour {unknown}
Potions
 i - a potion of might {unknown}
Books
 c - a book of Spatial Translocations

   Spells                             Type                      Level
   a - Blink                          Translocation                2
   b - Shroud of Golubria             Charms/Translocation         2
   c - Lesser Beckoning               Translocation                3
   d - Gell's Gravitas                Translocation                3
   e - Teleport Other                 Translocation                3
   f - Passage of Golubria            Translocation                4
Comestibles
 f - 3 rations
 l - 3 chunks of flesh


   Skills:
 + Level 2.2 Fighting
 * Level 2.3 Long Blades
 - Level 1.1 Throwing
 + Level 1.4 Armour
 + Level 2.1 Dodging
 - Level 2.0 Spellcasting
   Level 2.6 Translocations


You had 6 spell levels left.
You didn't know any spells.

Dungeon Overview and Level Annotations

Branches:
Dungeon (2/15)

Altars:


Innate Abilities, Weirdness & Mutations

You have large cloven feet.
You are immune to rotting.


Message History

The jackal closely misses you.
You riposte.
You closely miss the jackal.
The jackal bites you but does no damage.
You slash the jackal!
You kill the jackal!
Things that are here:
a jackal corpse x2
Butcher a jackal corpse? [(y)es/(c)hoosy/(n)o/(a)ll/(e)dible/(q)uit/?]
You butcher the jackal corpse.
You feel a strong urge to attack something.
You butcher the jackal corpse.
l - a chunk of flesh;
l - 4 chunks of flesh (gained 3)
You feel your anger nearly subside.
You are no longer berserk.
You are exhausted.
You feel yourself slow down.
Eat one of 4 chunks of flesh? (ye/n/q)
You eat one of the 4 chunks of flesh.
This raw flesh tastes terrible.
Are you sure you want to abandon this character and quit the game? (Confirm with "yes".)
Okay, then.
Unknown command.
Are you sure you want to abandon this character and quit the game? (Confirm with "yes".)

#........# #........#
#########........#
#.................
#..............#
#..............# #
#..............# #.
#..............#
#.##@.........<...#
####....#####.###.####
..........# #.....#
####....#)# #######
#..#........
#.##.#.##### #. ..#.#
#....#.# #.....#


There were no monsters in sight!

Vanquished Creatures
  A leopard gecko (D:1)
  A bat (D:1)
  2 giant cockroaches (D:1)
  4 goblins (D:1)
  6 hobgoblins
  4 jackals (D:2)
  3 kobolds (D:1)
21 creatures vanquished.

Vanquished Creatures (others)
  4 toadstools (D:1)
4 creatures vanquished.

Grand Total: 25 creatures vanquished

Notes
Turn   | Place    | Note
-------+----------+-------------------------------------------
     0 | D:1      | vishdafish the Demonspawn Warper began the quest for the Orb.
     0 | D:1      | Reached XP level 1. HP: 16/16 MP: 3/3
   101 | D:1      | Reached skill level 1 in Throwing
   101 | D:1      | Reached skill level 1 in Armour
   263 | D:1      | Gained mutation: You have large cloven feet. [demonic ancestry]
   263 | D:1      | Reached XP level 2. HP: 16/22 MP: 5/5
  1580 | D:2      | Gained mutation: You are immune to rotting. [demonic ancestry]
  1580 | D:2      | Reached XP level 3. HP: 17/27 MP: 6/6
  1590 | D:2      | Quit the game

Vault maps used:
D:1:      ldierk_walled_garden_2
D:2:      uniq_robin

Skill      XL: |  1  2 |
---------------+-------+-----
Throwing       | 1 |  1.1
Armour         | 1 |  1.4
Long Blades    | 2 |  2.3
Dodging        | 2 |  2.1
Fighting       | |  2.2
Spellcasting   | |  2.0
Translocations | |  2.6

Action                   || total
-------------------------++-------
Melee: Falchion          ||    54
       Kick              ||     7
Throw: Tomahawk          ||     4
  Use: Potion            ||     2
  Eat: Chunk             ||     2
Armor: Leather armour    ||    12
Dodge: Dodged            ||    29
       Rpst.: Falchion   ||    10

Table legend:
 A = Spawn XP
 B = Non-spawn XP
 C = Spawn XP percentage of total XP
 D = Spawn monster count
 E = Non-spawn monster count
 F = Spawn count percentage of total count
 G = Total turns spent on level
                    A         B        C        D         E        F      G
               +---------+---------+-------+---------+---------+-------+---------
         Total |       0 |      43 |   0.0 |       0 |      21 |   0.0 |  1590
               +---------+---------+-------+---------+---------+-------+---------
           D:1 |       0 |      33 |   0.0 |       0 |      16 |   0.0 |  1546
           D:2 |       0 |      10 |   0.0 |       0 |       5 |   0.0 |    44
               +---------+---------+-------+---------+---------+-------+---------
